 Dungeon Crawl Stone Soup version 0.31.0-12-g77e489cdc1 (webtiles) character file.

Game seed: 3689606726765828520

147 James the Magician (level 5, -2/25 (28) HPs)
             Began as a Deep Elf Earth Elementalist on Feb 11, 2024.
             Slain by a kobold brigand
             ... wielding a +2 dagger of draining
              (5 damage)
             ... on level 3 of the Dungeon.
             The game lasted 00:09:45 (2379 turns).

James the Magician (Deep Elf Earth Elementalist)    Turns: 2379, Time: 00:09:46

HP:   -2/25 (28)    AC:  2    Str:  5    XL:     5   Next: 7%
MP:   5/14          EV: 13    Int: 22    God:
Gold: 166           SH:  0    Dex: 15    Spells: 9/13 levels left

rFire   . . .        b - +0 short sword
rCold   . . .        (no shield)
rNeg    . . .        e - +0 robe
rPois   .            (no helmet)
rElec   .            (no cloak)
rCorr   +            (no gloves)
SInv    .            (no boots)
Will    .....        (no amulet)
Stlth   ++           i - ring of resist corrosion
HPRegen 0.24/turn    (no ring)
MPRegen 0.14/turn

%: no passive effects
@: heavily drained
A: no striking features
a: no special abilities


You were on level 3 of the Dungeon.
You visited 1 branch of the dungeon, and saw 3 of its levels.

You collected 166 gold pieces.

Inventory:

Hand Weapons
 a - a +0 dagger
   (You took it off a goblin on level 1 of the Dungeon)
 b - a +0 short sword (weapon)
   (You took it off a kobold on level 1 of the Dungeon)
 d - a +0 club
   (You found it on level 1 of the Dungeon)
 s - a +0 spear
   (You took it off a goblin on level 2 of the Dungeon)
 z - a +0 sling
   (You found it on level 3 of the Dungeon)
Missiles
 j - 32 stones
 q - 2 boomerangs
Armour
 c - a +0 robe
   (You found it on level 1 of the Dungeon)
 e - a +0 robe (worn)
 n - a +0 chain mail
   (You took it off a hobgoblin on level 2 of the Dungeon)
 u - a +0 robe
   (You found it on level 2 of the Dungeon)
 v - a +0 scale mail
   (You took it off a kobold on level 2 of the Dungeon)
 y - a +0 ring mail
   (You found it on level 2 of the Dungeon)
 A - a +0 chain mail
   (You found it on level 3 of the Dungeon)
Magical Staves
 g - a staff of alchemy
   (You found it on level 1 of the Dungeon)
Jewellery
 i - a ring of resist corrosion (left hand)
   (You found it on level 1 of the Dungeon)
Scrolls
 f - a scroll of torment {unknown}
 l - 5 scrolls of teleportation {unknown}
 p - a scroll of fog {unknown}
 r - 2 scrolls of identify {unknown}
 t - a scroll of revelation {unknown}
 w - 2 scrolls of amnesia {unknown}
 x - a scroll of blinking {unknown}
Potions
 h - 3 potions of curing {unknown}
 k - a potion of magic
 m - a potion of resistance {unknown}
 o - a potion of ambrosia {unknown}


   Skills:
 - Level 3.0 Dodging
 - Level 3.0 Stealth
 + Level 4.8 Spellcasting
 * Level 3.1 Conjurations
 - Level 4.0 Earth Magic


You had 9 spell levels left.
You knew the following spells:

 Your Spells              Type           Power      Damage    Failure   Level
a - Sandblast             Erth           44%        2d11      1%          1
x - Stone Arrow           Conj/Erth      42%        3d9       7%          3

Your spell library contained the following spells:

 Spells                   Type           Power      Damage    Failure   Level
 Passwall                 Erth           22%        N/A       6%          3
 Brom's Barrelling Bould  Conj/Erth      21%        2d4       24%         4
 Petrify                  Alch/Erth      14%        N/A       41%         4


Dungeon Overview and Level Annotations

Branches:
Dungeon (3/15)

Altars:
Cheibriados

Annotations:
D:3 exclusion: orc priest


Message History

Press: ? - help, Shift-Dir - straight line, f - kobold
Aim: a kobold, wielding a +0 club (79% to hit)
The blast of sand hits the kobold!
You kill the kobold!
Press: ? - help, Shift-Dir - straight line, f - kobold
Aim: a kobold, wielding a +0 club (79% to hit)
The blast of sand hits the kobold!
You kill the kobold!
A kobold comes into view.
It is wielding a +0 dagger and wearing a +1 scale mail of positive energy.
A kobold brigand comes into view.
It is wielding a +2 dagger of draining and quivering curare-tipped darts.
You see here a +0 dagger.
Press: ? - help, Shift-Dir - straight line, f - kobold
Aim: a kobold, wielding a +0 dagger and wearing a +1 scale mail of positive energy (81% to hit)
The blast of sand hits the kobold but does no damage.
You barely miss the kobold. The kobold hits you but does no damage.
Press: ? - help, Shift-Dir - straight line, f/p - kobold
Aim: a kobold, wielding a +0 dagger and wearing a +1 scale mail of positive energy (81% to hit)
The blast of sand hits the kobold but does no damage.
The kobold closely misses you.
Press: ? - help, Shift-Dir - straight line, f/p - kobold
Aim: a kobold, wielding a +0 dagger and wearing a +1 scale mail of positive energy (81% to hit)
The blast of sand hits the kobold.
The kobold barely misses you. The kobold hits you but does no damage.
The kobold brigand closely misses you.
Press: ? - help, Shift-Dir - straight line, f/p - kobold
Aim: a kobold, wielding a +0 dagger and wearing a +1 scale mail of positive energy (81% to hit)
The blast of sand hits the kobold!
You kill the kobold!
The kobold brigand hits you with a +2 dagger of draining!
You feel drained.
Press: ? - help, Shift-Dir - straight line, f - kobold brigand
Aim: a kobold brigand, wielding a +2 dagger of draining, wearing a +0 leather armour and quivering curare-tipped darts (79% to hit)
The blast of sand hits the kobold brigand!
The kobold brigand hits you with a +2 dagger of draining.
You feel drained.
* * * LOW HITPOINT WARNING * * *
The kobold brigand completely misses you.
Press: ? - help, Shift-Dir - straight line, f/p - kobold brigand
Aim: a kobold brigand, wielding a +2 dagger of draining, wearing a +0 leather armour and quivering curare-tipped darts (moderately wounded, 79% to hit)
The blast of sand hits the kobold brigand but does no damage.
The kobold brigand hits you with a +2 dagger of draining!
* * * LOW HITPOINT WARNING * * *
You feel drained.
* * * LOW HITPOINT WARNING * * *
Unknown command.
You don't know that spell.
Press: ? - help, Shift-Dir - straight line, f/p - kobold brigand
Aim: a kobold brigand, wielding a +2 dagger of draining, wearing a +0 leather armour and quivering curare-tipped darts (moderately wounded, 64% to hit)
The stone arrow hits the kobold brigand.
The kobold brigand hits you with a +2 dagger of draining.
You die...

## #..#
#~~#..##
##~~##).#
#~~≈≈#).#
#~~≈≈#..#
#~~~~#..#
##~~##..#
#~~#..##
#~ #K@#
##. #.$##
#.###.)
####...#..
#..<..##..
#.....##..
#.....#..#
#.....#..
#.....#


You could see a kobold brigand.

Vanquished Creatures
  Natasha (thrice) (D:2)
  A dart slug (D:3)
  A ribbon worm (D:3)
  5 endoplasms
  4 giant cockroaches
  5 goblins
  7 hobgoblins
  4 quokkas
  5 ball pythons
  5 bats
  9 frilled lizards
  12 kobolds
  5 rats
66 creatures vanquished.

Notes
Turn   | Place    | Note
-------+----------+-------------------------------------------
     0 | D:1      | James the Deep Elf Earth Elementalist began the quest for
                  | the Orb.
     0 | D:1      | Reached XP level 1. HP: 10/10 MP: 6/6
   221 | D:1      | Reached XP level 2. HP: 12/15 MP: 4/8
   643 | D:1      | Found a faded altar of an unknown god.
   937 | D:2      | Reached XP level 3. HP: 19/19 MP: 8/10
  1067 | D:2      | Learned a level 3 spell: Stone Arrow
  1339 | D:2      | Noticed Natasha
  1342 | D:2      | Killed Natasha
  1344 | D:2      | Reached XP level 4. HP: 24/24 MP: 9/12
  1419 | D:2      | Noticed Natasha
  1428 | D:2      | Killed Natasha
  1604 | D:2      | Noticed Natasha
  1610 | D:2      | Killed Natasha
  2171 | D:3      | Found a snail-covered altar of Cheibriados.
  2307 | D:3      | Reached XP level 5. HP: 28/28 MP: 11/14
  2379 | D:3      | Slain by a kobold brigand

Illustrated notes

Levels and vault maps discovered:
D:1:      dpeg_arrival_round_b, layout_rooms,
          shapermc_ecumenical_altar_starsandcircs
D:2:      layout_rooms, uniq_natasha
D:3:      cheibrodos_thug_alley, layout_loops_ring, cheibrodos_worm_habitat,
          uniq_crazy_yiuf_cottage

Skill      XL: |  1  2  3  4 |
---------------+-------------+-----
Stealth        | 3 |  3.0
Dodging        | 3 |  3.0
Spellcasting   | 4 |  4.8
Conjurations   | 2 3 |  3.1
Earth Magic    | 4 |  4.0

Action                     |  1- 3 |  4- 6 || total
---------------------------+-------+-------++-------
  Melee: Dagger            |     3 |       ||     3
         Short sword       |     7 |     3 ||    10
   Cast: Sandblast         |    63 |    43 ||   106
         Stone Arrow       |       |     1 ||     1
   Stab: Sleeping          |       |     1 ||     1
 Armour: Robe              |    21 |    11 ||    32
  Dodge: Dodged            |    26 |    13 ||    39
